 Seeded DCSS version 0.30-a0-879-ga8ba668304 (webtiles) character file.

Game seed: 3428853487130244560 (custom seed)

2475 bmack86 the Cleaver (level 9, -7/79 HPs)
             Began as a Minotaur Fighter on Mar 13, 2023.
             Mangled by a kobold brigand
             ... wielding a +0 war axe
              (10 damage)
             ... in a bailey.
             The game lasted 00:14:20 (5377 turns).

bmack86 the Cleaver (Minotaur Fighter)              Turns: 5377, Time: 00:14:21

Health: -7/79      AC: 22    Str: 24    XL:     9   Next: 27%
Magic:  2/2        EV:  8    Int:  5    God:
Gold:   86         SH:  5    Dex: 11    Spells: 8/8 levels left

rFire   . . .      SeeInvis .    l - +8 war axe (antimagic)
rCold   . . .      Faith    .    c - +0 buckler
rNeg    . . .      Spirit   .    k - +0 chain mail
rPois   .          Reflect  .    (helmet restricted)
rElec   .          Rampage  .    D - +2 cloak
rCorr   .                        r - +0 pair of gloves
Will    .....                    p - +2 pair of boots Stlth
                                 (no amulet)
HPRegen 0.33/turn                v - +4 ring of protection
MPRegen 0.08/turn                (no ring)

@: mighty, lethally poisoned (-7 -> -8), hasted and slowed
A: horns 2, retaliatory headbutt
a: no special abilities


You were in a bailey.
You visited 1 branch of the dungeon, and saw 7 of its levels.
You also visited: Ossuary and Bailey.

You collected 601 gold pieces.
You spent 515 gold pieces at shops.

Inventory:

Hand Weapons
 a - a +0 war axe
 l - a +8 antimagic war axe (weapon)
Missiles
 w - 9 poisoned darts (quivered)
 H - 12 boomerangs
Armour
 c - a +0 buckler (worn)
 k - a +0 chain mail (worn)
 p - a +2 pair of boots (worn)
 r - a +0 pair of gloves (worn)
 D - a +2 cloak (worn)
Jewellery
 v - a +4 ring of protection (left hand)
 B - a ring of magical power
Wands
 C - a wand of roots (15)
Scrolls
 f - 2 scrolls of blinking {unknown}
 h - 9 scrolls of fog {unknown}
 i - a scroll of noise {unknown}
 m - a scroll of fear {unknown}
 q - a scroll of amnesia {unknown}
 s - a scroll of immolation {unknown}
 x - a scroll of enchant weapon {unknown}
 y - 3 scrolls of poison {unknown}
 F - a scroll of teleportation {unknown}
 I - a scroll of identify
Potions
 b - a potion of haste
 d - 2 potions of might
 e - a potion of attraction {unknown}
 g - 2 potions of berserk rage
 j - 7 potions of curing
 n - a potion of invisibility
 o - 2 potions of magic
 t - a potion of heal wounds {unknown}
 u - a potion of cancellation {unknown}
 z - a potion of lignification
 A - 3 potions of mutation
 E - 2 potions of degeneration
 G - a potion of ambrosia {unknown}


   Skills:
 + Level 7.2 Fighting
 * Level 9.3 Axes
 + Level 4.2 Throwing
 + Level 7.2 Armour
 + Level 7.2 Shields


You had 8 spell levels left.
You didn't know any spells.
Your spell library contained the following spells:

 Spells                   Type           Power      Damage    Failure   Level
 Necrotise                Necr           0%         1d4       99%         1
 Summon Small Mammal      Summ           0%         N/A       99%         1
 Sublimation of Blood     Necr           0%         N/A       99%         2
 Wereblood                Tmut           0%         N/A       99%         2
 Call Canine Familiar     Summ           0%         N/A       100%        3
 Gell's Gravitas          Tloc           0%         N/A       100%        3
 Summon Guardian Golem    Hex/Summ       0%         N/A       100%        3
 Teleport Other           Tloc           0%         N/A       100%        3
 Vhi's Electric Charge    Tloc/Air       0%         N/A       100%        3
 Agony                    Necr           0%         N/A       100%        5
 Arcjolt                  Conj/Air       0%         1d10      100%        5
 Dispersal                Tloc           0%         N/A       100%        6
 Starburst                Conj/Fire      0%         6d3       100%        6
 Summon Hydra             Summ           0%         N/A       100%        7
 Borgnjor's Revivificati  Necr           0%         N/A       100%        8
 Maxwell's Capacitive Co  Air            0%         ∞         100%        8


Dungeon Overview and Level Annotations

Branches:
Dungeon (7/15)             Temple (0/1) D:7         Ossuary (visited)
 Bailey (1/1)

Altars:
Yredelemnul

Shops:
D:1 (   D:4 *[*   D:5 *


Innate Abilities, Weirdness & Mutations

You have a pair of horns on your head.
You reflexively headbutt those who attack you in melee.


Message History

The kobold attacks as you move away! You block the kobold's attack.
You feel extremely sick.
Things that are here:
a +0 war axe; 6 poisoned darts You feel very sick.
The kobold hits you but does no damage. The kobold brigand barely misses you.
The kobold barely misses you.
A kobold comes into view.
You slash the kobold!
You kill the kobold!
You closely miss the kobold brigand. You slash the kobold!
You kill the kobold!
You feel very sick. You block the kobold brigand's attack.
You feel sick.
The kobold brigand hits you with a +0 war axe!
The orc knight hits you with a +0 war axe!
* * * LOW HITPOINT WARNING * * *
The kobold brigand hits you but does no damage.
You see here 2 boomerangs.
You feel very mighty all of a sudden.
You feel sick.
The orc knight hits you with a +0 war axe.
* * * LOW HITPOINT WARNING * * *
The kobold brigand hits you but does no damage.
You completely miss the orc knight. You headbutt the orc knight!!
The orc knight is moderately wounded.
You barely miss the kobold brigand.
You feel sick.
The orc knight hits you with a +0 war axe!
* * * LOW HITPOINT WARNING * * *
The kobold brigand hits you but does no damage.
The orc knight hits you but does no damage.
The kobold brigand hits you but does no damage.
The kobold closely misses you. You furiously retaliate!
You headbutt the kobold!
You kill the kobold!
You feel yourself speed up.
You feel sick.
The orc knight hits you but does no damage.
The kobold brigand hits you with a +0 war axe!
You die...

#.......#
##..∩..##
##'''## #...#
#...# #.†.#
####.()####
##~.....K.~##
#~~....@o.~~#
..~~....(..~~...
##~~.......~~###
..~~.......~~...
##~~.......~~###
.~~.......~~..
#~~.......~~###
.~~.......~~.


You could see an orc knight and a kobold brigand.

Vanquished Creatures
  A hornet (D:7)
  An orc warrior (D:6)
  An ice beast (D:7)
  A sky beast (D:6)
  A black bear (D:6)
  An ogre (D:7)
  A phantom (D:5)
  A kobold brigand (Bailey)
  A bullfrog (D:6)
  2 gnoll sergeants (D:7)
  4 water moccasin zombies (Ossuary)
  5 wights (D:6)
  2 howler monkeys (D:7)
  2 jellies
  3 orc priests
  4 hounds
  A sleepcap (D:6)
  6 iguanas
  Natasha (twice) (D:2)
  An orc wizard (D:6)
  3 mummies
  7 adders
  8 gnolls (D:7)
  2 white imps (D:7)
  4 ufetubi (D:6)
  5 adder zombies (Ossuary)
  6 worms
  3 dart slugs (D:1)
  25 orcs
  4 ball pythons
  6 bats
  11 endoplasms
  2 giant cockroaches
  2 gnoll zombies (Ossuary)
  12 goblins
  7 hobgoblins
  3 jackals (D:2)
  2 quokkas
  2 frilled lizards
  2 hobgoblin zombies (Ossuary)
  11 kobolds
  7 kobold zombies
  8 orc zombies
  3 rats (D:2)
186 creatures vanquished.

Vanquished Creatures (others)
  10 demonic plants (D:6)
10 creatures vanquished.

Grand Total: 196 creatures vanquished

Notes
Turn   | Place    | Note
-------+----------+-------------------------------------------
     0 | D:1      | bmack86 the Minotaur Fighter began the quest for the Orb.
     0 | D:1      | Reached XP level 1. HP: 19/19 MP: 0/0
    43 | D:1      | Found Zofunism's Antique Weapon Shop.
   270 | D:1      | Reached XP level 2. HP: 24/27 MP: 1/1
   279 | D:1      | Reached skill level 3 in Axes
   282 | D:1      | Got Sif Muna's Enchiridion on Corpses and the Arsonist
   691 | D:1      | Found a faded altar of an unknown god.
   863 | D:2      | Noticed Natasha
   878 | D:2      | Killed Natasha
   879 | D:2      | Reached XP level 3. HP: 25/33 MP: 2/2
   926 | D:2      | Reached XP level 4. HP: 40/40 MP: 3/3
   956 | D:2      | Reached skill level 4 in Axes
  1463 | D:2      | Reached XP level 5. HP: 45/47 MP: 4/4
  1583 | D:2      | Noticed Natasha
  1589 | D:2      | Killed Natasha
  1666 | D:1      | Bought a glowing war axe for 162 gold pieces
  1741 | D:3      | You fall into a shaft and drop 1 floor!
  2443 | D:4      | Reached skill level 5 in Axes
  2463 | D:4      | Found Suyl's Assorted Antiques.
  2474 | D:4      | Found Ocaynwox's Magic Scroll Emporium.
  2474 | D:4      | Found Eturph's Antique Armour Emporium.
  2479 | D:4      | Identified the +1 leather armour "Jorereek" {rF+ rN+ Int-2
                  | Dex+3}
  2481 | D:4      | Found Risauh's Assorted Antiques.
  2489 | D:4      | Bought a notched emerald ring for 120 gold pieces
  2537 | D:4      | Found a basalt altar of Yredelemnul.
  2793 | D:5      | Entered Level 5 of the Dungeon
  2884 | D:5      | Reached XP level 6. HP: 47/55 MP: 1/5
  3077 | D:5      | Found Xuuqy's Assorted Antiques.
  3137 | D:5      | Reached skill level 5 in Shields
  3147 | D:5      | Reached skill level 5 in Fighting
  3147 | D:5      | Reached skill level 1 in Throwing
  3147 | D:5      | Reached skill level 5 in Armour
  3531 | D:6      | Reached skill level 6 in Axes
  3531 | D:6      | Reached XP level 7. HP: 61/61 MP: 2/6
  3768 | D:4      | Bought a runed cloak for 165 gold pieces
  3980 | D:6      | Identified the +1 ring mail "Pyegedos" {rElec rC+}
  4179 | D:4      | Bought a scroll labelled CIYCLE ISMUPP for 22 gold pieces
  4311 | D:6      | Reached skill level 7 in Axes
  4340 | D:6      | Reached XP level 8. HP: 67/70 MP: 2/7
  4660 | D:4      | Bought an emerald potion for 19 gold pieces
  4741 | D:5      | Bought a smoky green potion for 27 gold pieces
  4789 | D:7      | Noticed a hornet
  4794 | D:7      | Killed a hornet
  4795 | D:7      | Reached skill level 8 in Axes
  4838 | D:7      | Found a sand-covered staircase.
  4843 | Ossuary  | Entered an ossuary
  4959 | Ossuary  | Reached XP level 9. HP: 78/78 MP: 2/8
  5090 | D:7      | Found a staircase to the Ecumenical Temple.
  5092 | D:7      | Reached skill level 9 in Axes
  5242 | D:7      | Found a flagged portal.
  5287 | Bailey   | Entered a bailey
  5369 | Bailey   | Noticed an orc knight
  5376 | Bailey   | HP: 3/79 [orc knight/+0 war axe (8)]
  5377 | Bailey   | Mangled by a kobold brigand

Illustrated notes

Levels and vault maps discovered:
D:1:      dpeg_arrival_central, layout_basic, serial_shops, shop,
          hellmonk_ecumenical_altar_heavens_door
D:2:      layout_loops_ring, kennysheep_nub, uniq_natasha
D:3:      layout_rooms, corexii_leaking_fountain
D:4:      layout_cave_pools, old_standard_altar,
          hangedman_abyss_or_decor_passed, minmay_shop_grid_forest,
          grunt_decor_clamped
D:5:      layout_loops_ring, serial_shops, nicolae_shop_stone
D:6:      layout_gridville, serial_demonic, serial_demonic_g, serial_demonic_f,
          serial_demonic_c, serial_demonic_f
D:7:      layout_rooms, minmay_temple_entry_waves, nicolae_ossuary_entry_giza,
          enter_bailey_5
Bailey:   bailey_axe_3, bailey

Skill      XL: |  1  2  3  4  5  6  7  8  9 |
---------------+----------------------------+-----
Axes           | 3 4 5 6 7 8 9 |  9.3
Armour         | 4 5 6 7 |  7.2
Shields        | 4 5 6 7 |  7.2
Fighting       | 4 5 6 7 |  7.2
Throwing       | 1 2 3 4 |  4.2

Action                     |  1- 3 |  4- 6 |  7- 9 || total
---------------------------+-------+-------+-------++-------
  Melee: War axe           |    37 |   146 |   171 ||   354
         Headbutt          |     3 |    13 |    23 ||    39
    Use: Scroll            |       |       |    11 ||    11
         Potion            |       |       |     2 ||     2
 Armour: Scale mail        |    22 |    69 |    31 ||   122
         Chain mail        |       |       |   102 ||   102
  Dodge: Dodged            |    19 |    65 |    73 ||   157
  Block: Buckler           |     7 |    33 |    50 ||    90

Table legend: (Time is in decaauts)
 A = Elapsed time spent in this place.
 B = Non-inter-level travel time spent in this place.
 C = Inter-level travel time spent in this place.
 D = Time resting spent in this place.
 E = Time spent auto-exploring this place.
 F = Levels seen in this place.
 G = Mean time per level.
                   A        B        C        D        E       F      G
               +--------+--------+--------+--------+--------+-----+--------+
         Total |   5480 |   4944 |    536 |     66 |   2758 |   9 |  608.9 |
       Dungeon |   5207 |   4671 |    536 |      5 |   2758 |   7 |  743.9 |
       Ossuary |    178 |    178 |      0 |      0 |      0 |   1 |  178.0 |
        Bailey |     95 |     95 |      0 |     61 |      0 |   1 |   95.0 |
               +--------+--------+--------+--------+--------+-----+--------+

Top non-repeatable levels by time:
     D:1: 929 daAuts
     D:5: 913 daAuts
     D:6: 848 daAuts
     D:2: 847 daAuts
     D:4: 840 daAuts
     D:3: 496 daAuts
     D:7: 331 daAuts
 Ossuary: 178 daAuts
  Bailey: 95 daAuts
